 Dungeon Crawl Stone Soup version 0.24.0-125-gc4c63601f3 (webtiles) character file.

Game seed: 12131411317490150171, levelgen mode: deterministic

42 Drkhn the Charmwright (level 3, -1/27 HPs)
             Began as a Demonspawn Skald on Mar 1, 2020.
             Slain by an adder (3 damage)
             ... on level 2 of the Dungeon.
             The game lasted 00:06:51 (1452 turns).

Drkhn the Charmwright (Demonspawn Skald)            Turns: 1452, Time: 00:06:51

Health: -1/27      AC:  4    Str: 12    XL:     3   Next: 35%
Magic:  6/6        EV: 11    Int: 14    God:
Gold:   84         SH:  0    Dex: 12    Spells: 5/6 levels left

rFire    . . .     SeeInvis .   a - +0 short sword
rCold    . . .     Gourm    .   (no shield)
rNeg     . . .     Faith    +   b - +1 leather armour
rPois    .         Spirit   .   (no helmet)
rElec    .         Reflect  .   (no cloak)
rCorr    .         Harm     .   (no gloves)
MR       .....                  (no boots)
Stlth    ++........             f - amulet of faith
HPRegen  0.09/turn              (no ring)
MPRegen  0.10/turn              (no ring)

@: lethally poisoned (-1 -> -5), heavily drained
A: nightstalker 1
a: no special abilities


You were on level 2 of the Dungeon.
You were not hungry.

You visited 1 branch of the dungeon, and saw 2 of its levels.

You collected 84 gold pieces.

Inventory:

Hand Weapons
 a - a +0 short sword (weapon)
 e - a +0 hand axe
Armour
 b - a +1 leather armour (worn)
Jewellery
 f - an amulet of faith (around neck)
 g - an uncursed amulet of harm
Scrolls
 h - a scroll of enchant armour
 j - 2 scrolls of identify
Comestibles
 d - a ration


   Skills:
 * Level 2.3(0.6) Fighting
 + Level 1.9(0.3) Short Blades
 + Level 1.3(0.0) Armour
 + Level 2.1(0.4) Dodging
 + Level 0.2(0.0) Stealth
 + Level 0.4(0.0) Unarmed Combat
 + Level 2.2(0.6) Spellcasting
 + Level 3.1(1.4) Charms


You had 5 spell levels left.
You knew the following spells:

 Your Spells              Type           Power        Failure   Level  Hunger
a - Infusion              Chrm           #...         19%         1    ##.....

Your spell library contained the following spells:

 Spells                   Type           Power        Failure   Level  Hunger
 Song of Slaying          Chrm           #.......     28%         2    ###....
 Shroud of Golubria       Chrm/Tloc      #.....       36%         2    ###....
 Regeneration             Chrm/Necr      #.........   61%         3    ####...
 Spectral Weapon          Hex/Chrm       #.......     61%         3    ####...


Dungeon Overview and Level Annotations

Branches:
Dungeon (2/15)

Altars:


Innate Abilities, Weirdness & Mutations

You are slightly more attuned to the shadows.


Message History

You are lethally poisoned!
The adder poisons you!
You hit the adder.
The adder is almost dead.
* * * LOW HITPOINT WARNING * * *
You feel sick. The adder closely misses you.
Unknown command.
Really remove
g - an amulet of harm?
You remove your amulet of harm.
The amulet drains your life force as you remove it!
You feel drained. The adder closely misses you.
You feel a strange surge of divine interest.
f - an amulet of faith (around neck)
You are not religious.
You are not religious.
You closely miss the adder.
The adder is almost dead.
* * * LOW HITPOINT WARNING * * *
You feel sick. The adder barely misses you. The adder bites you.
You die...

#....#.#........
#.#.#.#
#...##)#........
......
#...##.#.......
##.#...
#....#.#.......
#.#...
#......#.######
..... ######.#.#
..... #...#
..### #..## ..
##@# #S# #.b...#
........#
g..........#
.............
............#
............#


You could see an adder and a bat.

Vanquished Creatures
  An adder (D:2)
  A dart slug (D:1)
  2 leopard geckos
  3 bats (D:1)
  A giant cockroach (D:2)
  3 goblins (D:1)
  5 hobgoblins
  A quokka (D:2)
  A ball python (D:1)
  A frilled lizard (D:1)
  3 kobolds (D:1)
  8 rats
30 creatures vanquished.

Notes
Turn   | Place    | Note
-------+----------+-------------------------------------------
     0 | D:1      | Drkhn the Demonspawn Skald began the quest for the Orb.
     0 | D:1      | Reached XP level 1. HP: 16/16 MP: 3/3
    22 | D:1      | Reached skill level 3 in Charms
   235 | D:1      | Gained mutation: You are slightly more attuned to the
                  | shadows. [demonic ancestry]
   235 | D:1      | Reached XP level 2. HP: 18/22 MP: 5/5
   293 | D:1      | Reached skill level 1 in Armour
  1155 | D:2      | Reached XP level 3. HP: 20/27 MP: 6/6
  1452 | D:2      | Slain by an adder

Levels and vault maps discovered:
D:1:      eino_arrival_tree_alley, layout_basic
D:2:      layout_rooms

Skill      XL: |  1  2 |
---------------+-------+-----
Charms         | 3 |  3.1
Armour         | 1 |  1.3
Dodging        | 2 |  2.1
Fighting       | |  2.3
Short Blades   | |  1.9
Stealth        | |  0.2
Unarmed Combat | |  0.4
Spellcasting   | |  2.2

Action                   || total
-------------------------++-------
Melee: Short sword       ||   149
  Use: Scroll            ||     4
       Potion            ||     2
 Stab: Sleeping          ||     1
  Eat: Chunk             ||     2
Armor: Leather armour    ||    43
Dodge: Dodged            ||    94
